 Dungeon Crawl Stone Soup version 0.28-a0-998-gb9e9c7b67e (webtiles) character file.

Game seed: 7136272020821718315

10 voltaire321 the Ruffian (level 2, 0/23 HPs)
             Began as a Draconian Transmuter on Dec 5, 2021.
             Hit by a stone thrown by a kobold (1 damage)
             ... on level 1 of the Dungeon.
             The game lasted 00:00:31 (85 turns).

voltaire321 the Ruffian (Draconian Transmuter)        Turns: 85, Time: 00:00:31

Health: 0/23       AC:  4    Str: 12    XL:     2   Next: 10%
Magic:  4/5        EV:  9    Int: 13    God:
Gold:   0          SH:  6    Dex: 11    Spells: 4/5 levels left

rFire   . . .      SeeInvis .     - Unarmed
rCold   . . .      Faith    .   d - +0 kite shield
rNeg    . . .      Spirit   .   (armour unavailable)
rPois   .          Reflect  .   (helmet currently unavailable)
rElec   .          Harm     .   (no cloak)
rCorr   .          Rampage  .   (no gloves)
Will    .....                   (boots currently unavailable)
Stlth   +.........              (no amulet)
HPRegen 0.07/turn               (no ring)
MPRegen 0.09/turn               (no ring)

@: appendages (expiring)
A: horns 2, talons 2, AC +4, unfitting armour, cold-blooded
a: End Transformation


You were on level 1 of the Dungeon.
You had temporarily grown beastly horns and talons.
You visited 1 branch of the dungeon, and saw 1 of its levels.

Inventory:

Armour
 d - a +0 kite shield (worn)
Scrolls
 a - a scroll of torment {unknown}
 c - a scroll of teleportation {unknown}
Potions
 b - a potion of brilliance {unknown}


   Skills:
 + Level 1.4 Fighting
 + Level 1.9 Dodging
 + Level 0.3 Shields
 + Level 3.1 Unarmed Combat
 + Level 2.1 Spellcasting
 + Level 2.1 Transmutations


You had 4 spell levels left.
You knew the following spells:

 Your Spells              Type           Power      Damage    Failure   Level
a - Beastly Appendage     Tmut           12%        N/A       56%         1

Your spell library contained the following spells:

 Spells                   Type           Power      Damage    Failure   Level
 Wereblood                Tmut           6%         N/A       71%         2
 Spider Form              Tmut/Pois      4%         N/A       97%         3
 Ice Form                 Ice/Tmut       4%         N/A       100%        4


Dungeon Overview and Level Annotations

Branches:
Dungeon (1/15)

Altars:


Innate Abilities, Weirdness & Mutations

You have temporarily grown beastly horns and talons.
Your plain brown scales are hard. (AC +4)
You cannot fit into any form of body armour.
You are cold-blooded and may be slowed by cold attacks.


Message History

Your transformation is almost over.
You see here a +0 kite shield.
d - a +0 kite shield You start putting on your armour.
You continue putting on your +0 kite shield. x4
You finish putting on your +0 kite shield.
Drop what? 4/52 slots (_ for help) (? for menu, Esc to quit)
Okay, then.
Setting a skill training target for Shields at 15.0.
Your horns disappear.
Your talons disappear.
Magic restored.
A gnoll comes into view. It is wielding a +0 spear.
Casting: Beastly Appendage (safe; 61% risk of failure)
Confirm with . or Enter, or press ? or * to list all spells.
You grow a pair of large bovine horns.
Your feet morph into talons.
Found 8 gold pieces.
The gnoll hits you from afar with a +0 spear. 2 frilled lizards and a kobold come into view.
Found a flail.
The kobold shouts!
The frilled lizard hisses angrily.
You hear a shout!
The gnoll hits you but does no damage.
A hobgoblin comes into view.
The frilled lizard moves out of view.
The frilled lizard hisses angrily.
You hit the gnoll but do no damage. Your headbutt misses the gnoll.
You block the gnoll's attack.
You hit the gnoll but do no damage. Your kick misses the gnoll.
Your transformation is almost over.
The kobold throws a stone.
You block the stone. The gnoll hits you with a +0 spear.
You hit the gnoll. You claw the gnoll. You tail-slap the gnoll.
The gnoll is severely wounded.
The gnoll hits you with a +0 spear. x2
* * * LOW HITPOINT WARNING * * *
The kobold throws a stone.
The stone completely misses you.
You hit the gnoll.
You kill the gnoll!
You have reached level 2!
The kobold throws a stone.
The stone hits you.
You die...

######### #####
........######...# ######
........##...#...# #....#
.......##...#[..####....#
#.....>..#...........##
##.)......#......(......
#.K......##.............
#l.l.....####...........
.$..###g.@.####.##+#......
..... #.....†...#.....#.#.
.... #....##.........#.#.
... #....##.........'.#.
).. ##########......###.
#####...#### ............
............ ########+###


You could see a hobgoblin, a kobold and 2 frilled lizards.

Vanquished Creatures
  A gnoll (D:1)
  A frilled lizard (D:1)
2 creatures vanquished.

Notes
Turn   | Place    | Note
-------+----------+-------------------------------------------
     0 | D:1      | voltaire321 the Draconian Transmuter began the quest for
                  | the Orb.
     0 | D:1      | Reached XP level 1. HP: 16/16 MP: 3/3
    83 | D:1      | Reached XP level 2. HP: 1/23 MP: 3/5
    85 | D:1      | Hit by a stone thrown by a kobold

Illustrated notes

Levels and vault maps discovered:
D:1:      dpeg_arrival_refuge, layout_basic

Action                   || total
-------------------------++-------
Melee: Unarmed           ||     5
       Kick              ||     1
       Tailslap          ||     1
 Cast: Beastly Appendage ||     2
Armor: Skin              ||     1
Dodge: Dodged            ||     1
Block: Kite shield       ||     2

Table legend: (Time is in decaauts)
 A = Elapsed time spent in this place.
 B = Non-inter-level travel time spent in this place.
 C = Inter-level travel time spent in this place.
 D = Time resting spent in this place.
 E = Time spent auto-exploring this place.
 F = Levels seen in this place.
 G = Mean time per level.
                   A        B        C        D        E       F      G
               +--------+--------+--------+--------+--------+-----+--------+
         Total |     86 |     86 |      0 |      0 |     47 |   1 |   86.0 |
       Dungeon |     86 |     86 |      0 |      0 |     47 |   1 |   86.0 |
               +--------+--------+--------+--------+--------+-----+--------+

Top non-repeatable levels by time:
     D:1: 86 daAuts
